 Dungeon Crawl Stone Soup version 0.22-a0-750-ga7dcef7 (webtiles) character file.

7 Amnesiac the Digger (level 1, 0/13 HPs)
             Began as a Demonspawn Earth Elementalist on July 16, 2018.
             Slain by a hound (1 damage)
             ... on level 3 of the Dungeon.
             The game lasted 00:00:56 (645 turns).

Amnesiac the Digger (Demonspawn Earth Elementalist)  Turns: 645, Time: 00:00:57

Health: 0/13       AC:  2    Str:  8    XL:     1   Next: 83%
Magic:  0/3        EV: 12    Int: 16    God:
Gold:   30         SH:  0    Dex: 13    Spells: 3/4 levels left

rFire    . . .     SeeInvis .   f - +0 trident
rCold    . . .     Gourm    .   (no shield)
rNeg     . . .     Faith    .   c - +0 robe
rPois    .         Spirit   .   (no helmet)
rElec    .         Reflect  .   (no cloak)
rCorr    .         Harm     .   (no gloves)
MR       .....                  (no boots)
Stlth    ++........             (no amulet)
HPRegen  0.04/turn              (no ring)
MPRegen  0.08/turn              (no ring)

@: no status effects
A: no striking features
a: no special abilities


You were on level 3 of the Dungeon.
You were not hungry.

You visited 1 branch of the dungeon, and saw 4 of its levels.

You collected 30 gold pieces.

Inventory:

Hand Weapons
 f - a +0 trident (weapon)
Missiles
 b - 58 stones (quivered)
Armour
 c - a +0 robe (worn)
Scrolls
 e - a scroll of teleportation {!r, unknown}
 g - 2 scrolls of remove curse {!r, unknown}
Potions
 a - a potion of brilliance {!q, unknown}
 h - a potion of magic {!q, unknown}
 i - 2 potions of agility {!q, unknown}
Comestibles
 d - a ration


   Skills:
 + Level 1.9 Dodging
 + Level 1.9 Stealth
 + Level 2.1 Spellcasting
   Level 0.8 Transmutations
 * Level 2.9 Earth Magic


You had 3 spell levels left.
You knew the following spells:

 Your Spells              Type           Power        Failure   Level  Hunger
a - Sandblast             Erth           ##....       6%          1    #......

Your spell library contained the following spells:

 Spells                   Type           Power        Failure   Level  Hunger
 Stone Arrow              Conj/Erth      #.....       34%         3    ###....
 Passwall                 Tmut/Erth      #.......     14%         2    ###....
 Lee's Rapid Deconstruct  Erth           ##........   86%         5    ######.
 Petrify                  Tmut/Erth      #.......     67%         4    #####..


Dungeon Overview and Level Annotations

Branches:
Dungeon (4/15)
 Temple: D:4-7

Altars:
Trog


Message History

The hobgoblin misses you.
You hit the hobgoblin.
The hobgoblin is almost dead.
The hobgoblin hits you but does no damage.
The hobgoblin closely misses you.
You closely miss the hobgoblin.
The hobgoblin is almost dead.
The hobgoblin hits you but does no damage.
You closely miss the hobgoblin.
The hobgoblin is almost dead.
The hobgoblin misses you.
You hit the hobgoblin.
You kill the hobgoblin!
No target in view!
No target in view!
You start resting.
HP restored.
There is a stone staircase leading down here.
You climb downwards.
There is a stone staircase leading up here.
Found a stone staircase leading up.
An orc comes into view. It is wielding a dagger.
Found a dagger.
Found a bloodstained altar of Trog.
An adder and a hound come into view.
The adder hisses angrily.
The hound barks!
A gnoll comes into view. It is wielding a flail.
Found a falchion and a helmet.
The hound closely misses you.
There is a stone staircase leading up here.
The hound bites you.
* * * LOW HITPOINT WARNING * * *
The hound closely misses you.
You climb upwards.
There is a stone staircase leading down here.
Casting: Sandblast (safe; 6% risk of failure)
Confirm with . or Enter, or press ? or * to list all spells.
Aiming: Sandblast (safe; 6% risk of failure)
Press: ? - help, Shift-Dir - straight line, f - hound
Aim: a hound The blast of sand hits the hound.
b - 60 stones The hound closely misses you.
Casting: Sandblast (safe; 6% risk of failure)
Confirm with . or Enter, or press ? or * to list all spells.
Aiming: Sandblast (safe; 6% risk of failure)
Press: ? - help, Shift-Dir - straight line, f/p - hound
Aim: a hound The blast of sand hits the hound.
The hound is lightly wounded.
b - 59 stones The hound bites you.
* * * LOW HITPOINT WARNING * * *
The hound bites you.
* * * LOW HITPOINT WARNING * * *
Casting: Sandblast (safe; 6% risk of failure)
Confirm with . or Enter, or press ? or * to list all spells.
Aiming: Sandblast (safe; 6% risk of failure)
Press: ? - help, Shift-Dir - straight line, f/p - hound
Aim: a hound (lightly wounded)
The blast of sand hits the hound.
The hound is heavily wounded.
b - 58 stones The hound bites you.
You die...

####### #.....#
#.....###### #
#..h.....# ..
#@# #.###.#
#.....####.###
#....†.).....#
..
######.###.#.# .
########.# #.
#...(....# .
.####........##
..
..##............


You could see a hound.

Vanquished Creatures
  A leopard gecko (D:3)
  A hobgoblin (D:3)
  2 bats (D:2)
  A kobold (D:3)
  A rat (D:3)
6 creatures vanquished.

Notes
Turn   | Place    | Note
-------+----------+-------------------------------------------
     0 | D:1      | Amnesiac the Demonspawn Earth Elementalist began the quest for the Orb.
     0 | D:1      | Reached XP level 1. HP: 13/13 MP: 3/3
   631 | D:4      | Found a bloodstained altar of Trog.
   632 | D:4      | Noticed a hound
   645 | D:3      | Slain by a hound

Vault maps used:
D:1:      dpeg_arrival_pits
D:2:      minmay_roachtagon, old_standard_altar, corexii_leaking_fountain,
          minmay_misc_feat_cross, grunt_decor_mini_mirrors,
          uniq_crazy_yiuf_cottage
D:3:      okawaru_altar_gauntlet_db
D:4:      minmay_temple_entry_overgrown, bloody_trog

Action                   || total
-------------------------++-------
Melee: Trident           ||    16
       Unarmed           ||     3
 Cast: Sandblast         ||     4
 Stab: Sleeping          ||     4
Armor: Robe              ||     2
Dodge: Dodged            ||    14

Table legend:
 A = Spawn XP
 B = Non-spawn XP
 C = Spawn XP percentage of total XP
 D = Spawn monster count
 E = Non-spawn monster count
 F = Spawn count percentage of total count
 G = Total turns spent on level
                    A         B        C        D         E        F      G
               +---------+---------+-------+---------+---------+-------+---------
         Total |       0 |      10 |   0.0 |       0 |       6 |   0.0 |   645
               +---------+---------+-------+---------+---------+-------+---------
           D:2 |       0 |       3 |   0.0 |       0 |       2 |   0.0 |    90
           D:3 |       0 |       7 |   0.0 |       0 |       4 |   0.0 |   506
               +---------+---------+-------+---------+---------+-------+---------
